 Dungeon Sprint DCSS version 0.30.1-9-gdf580d7c3d (webtiles) character file.

Game seed: 9982477597394200075

3084 Heoruswealwe the Impaler (level 9, -13/94 HPs)
             Began as a Minotaur Fighter on Sept 26, 2023.
             Was an Initiate of Gozag.
             Killed from afar by a gargoyle (17 damage)
             ... with a stone arrow
             ... in the Dungeon (Sprint IX: "|||||||||||||||||||||||||||||").
             The game lasted 00:04:50 (340 turns).

Heoruswealwe the Impaler (Minotaur Fighter)          Turns: 340, Time: 00:04:50

Health: -13/94     AC: 17    Str: 24    XL:     9   Next: 58%
Magic:  8/8        EV:  9    Int:  9    God:    Gozag
Gold:   531        SH:  0    Dex: 11    Spells: 8/8 levels left

rFire   . . .        b - +2 halberd of Fundamental Breach {elec, Int+4}
rCold   . . .        (shield currently unavailable)
rNeg    . . .        c - +1 chain mail
rPois   .            (helmet restricted)
rElec   .            (no cloak)
rCorr   .            f - +0 pair of gloves
SInv    .            e - +0 pair of boots
Will    .....        (no amulet) Stlth
                     (no ring)
HPRegen 0.35/turn    (no ring)
MPRegen 0.11/turn

%: no teleportation
@: gold aura
A: horns 2, retaliatory headbutt
a: Renounce Religion, Potion Petition, Call Merchant, Bribe Branch


You were in the Dungeon.
You worshipped Gozag.
Gozag was pleased with you.
You visited 1 branch You collected 531 gold pieces.

Inventory:

Hand Weapons
 a - a +0 trident
 b - the +2 halberd of Fundamental Breach (weapon) {elec, Int+4}
   (You found it in the Dungeon)

   Int:       It affects your intelligence (+4).
Armour
 c - a +1 chain mail (worn)
 d - a +0 buckler
 e - a +0 pair of boots (worn)
 f - a +0 pair of gloves (worn)
Wands
 h - a wand of light (10)
Scrolls
 j - 2 scrolls of blinking
Potions
 g - a potion of haste
 i - a potion of berserk rage
 k - a potion of might
 l - 5 potions of curing


   Skills:
 + Level 13.8 Fighting
 * Level 18.5 Polearms
 + Level 13.8 Armour
 - Level 3.6 Shields


You had 8 spell levels left.
You didn't know any spells.
Your spell library was empty.

Dungeon Overview and Level Annotations

Branches:
Dungeon (1/1)

Altars:
Cheibriados
Dithmenos
Elyvilon
Fedhas
Gozag
Hepliaklqana
Kikubaaqudgha
Makhleb
Nemelex Xobeh
Okawaru
Qazlal
Ru
Sif Muna
Trog
Uskayaw
Vehumet
Wu Jian
Xom
Yredelemnul
Zin
The Shining One
Jiyva
Lugonu


Innate Abilities, Weirdness & Mutations

You have a pair of horns on your head.
You reflexively headbutt those who attack you in melee.


Message History

The centaur warrior is severely wounded.
You carefully extract the barbed spikes from your body.
The centaur warrior shoots an arrow.
The arrow closely misses you.
The centaur warrior unwields a +0 longbow.
The centaur warrior hits you.
* * * LOW HITPOINT WARNING * * *
The centaur warrior kicks you but does no damage.
The centaur warrior hits you but does no damage.
The centaur warrior kicks you but does no damage.
You see here 180 gold pieces.
You slash the centaur warrior!
Your headbutt misses the centaur warrior.
The centaur warrior is almost dead.
The centaur warrior hits you but does no damage.
The centaur warrior barely misses you.
You impale the centaur warrior!!
You kill the centaur warrior!
The gargoyle is distracted by your dazzling golden aura.
Your Polearms skill increases to level 18!
Things that are here:
99 gold pieces; a +0 longbow You hit the gargoyle.
The gargoyle is no longer distracted by gold.
You headbutt the gargoyle, but do no damage.
The gargoyle is lightly damaged.
You barely miss the gargoyle.
The gargoyle is lightly damaged.
The gargoyle hurls a stone arrow at you.
The stone arrow hits you!
* * * LOW HITPOINT WARNING * * *
You hit the gargoyle. You headbutt the gargoyle.
The gargoyle is moderately damaged.
The gargoyle hits you with a +0 morningstar!
* * * LOW HITPOINT WARNING * * *
You puncture the gargoyle! Your headbutt misses the gargoyle.
The gargoyle is severely damaged.
The gargoyle hurls a stone arrow at you.
The stone arrow hits you!
You die...
Your body crumbles into a pile of gold. ▓▓▓▓▓▓▓▓▓▓▓▓▓▓▓▓▓▓▓▓ ...==).)....'$$$@9.+ ▓▓▓▓▓▓▓▓▓▓▓▓▓▓▓▓▓▓▓▓ $ $ $ $ $$$$$

You could see a gargoyle.

Vanquished Creatures
  2 centaur warriors (D)
  A two-headed ogre (D)
  An ugly thing (D)
  A manticore (D)
  A yak (D)
  A shadow (D)
  An acid dragon (D)
  A phantom (D)
  A scorpion (D)
  A killer bee (D)
  A jelly (D)
  A gnoll bouda (D)
  An orc wizard (D)
  2 orcs (D)
  An endoplasm (D)
  A hobgoblin (D)
  A jackal (D)
  2 kobolds (D)
21 creatures vanquished.

Notes
Turn   | Place    | Note
-------+----------+-------------------------------------------
     0 | D        | Heoruswealwe the Minotaur Fighter began the quest for the
                  | Orb.
     0 | D        | Reached XP level 1. HP: 19/19 MP: 0/0
     7 | D        | Reached skill level 3 in Polearms
    29 | D        | Noticed a jelly
    29 | D        | Noticed a scorpion
    29 | D        | Noticed a phantom
    30 | D        | Killed a jelly
    31 | D        | Reached skill level 5 in Fighting
    31 | D        | Reached skill level 5 in Polearms
    31 | D        | Reached skill level 5 in Armour
    31 | D        | Reached XP level 2. HP: 25/29 MP: 1/1
    31 | D        | Reached XP level 3. HP: 31/36 MP: 2/2
    37 | D        | Killed a scorpion
    38 | D        | Reached skill level 7 in Polearms
    38 | D        | Reached XP level 4. HP: 39/45 MP: 3/3
    49 | D        | Killed a phantom
    50 | D        | Reached skill level 9 in Polearms
    50 | D        | Reached XP level 5. HP: 37/52 MP: 4/4
    59 | D        | Found a snail-covered altar of Cheibriados.
    59 | D        | Found a shadowy altar of Dithmenos.
    59 | D        | Found a white marble altar of Elyvilon.
    59 | D        | Found a blossoming altar of Fedhas.
    59 | D        | Found an opulent altar of Gozag.
    60 | D        | Found a hazy altar of Hepliaklqana.
    61 | D        | Found a viscous altar of Jiyva.
    62 | D        | Found an ancient bone altar of Kikubaaqudgha.
    63 | D        | Found a corrupted altar of Lugonu.
    64 | D        | Found a burning altar of Makhleb.
    65 | D        | Found a sparkling altar of Nemelex Xobeh.
    66 | D        | Found an iron altar of Okawaru.
    67 | D        | Became a worshipper of Gozag Ym Sagoz the Greedy
    68 | D        | Found a stormy altar of Qazlal.
    69 | D        | Found a sacrificial altar of Ru.
    70 | D        | Found a shimmering blue altar of Sif Muna.
    71 | D        | Found a bloodstained altar of Trog.
    72 | D        | Found a hide-covered altar of Uskayaw.
    73 | D        | Found a radiant altar of Vehumet.
    74 | D        | Found an ornate altar of the Wu Jian Council.
    75 | D        | Found a shimmering altar of Xom.
    76 | D        | Found a basalt altar of Yredelemnul.
    77 | D        | Found a glowing silver altar of Zin.
    78 | D        | Found a glowing golden altar of the Shining One.
    94 | D        | Got the +2 halberd of Fundamental Breach {elec, Int+4}
   135 | D        | Noticed a yak
   135 | D        | Noticed an acid dragon
   135 | D        | Noticed a two-headed ogre
   140 | D        | Killed a yak
   141 | D        | Reached skill level 11 in Polearms
   141 | D        | Reached XP level 6. HP: 58/62 MP: 5/5
   150 | D        | Reached skill level 12 in Polearms
   155 | D        | Killed an acid dragon
   162 | D        | Killed a two-headed ogre
   163 | D        | Reached skill level 14 in Polearms
   163 | D        | Reached XP level 7. HP: 32/74 MP: 6/6
   163 | D        | Reached XP level 8. HP: 36/82 MP: 7/7
   302 | D        | Noticed a centaur warrior
   302 | D        | Noticed a purple ugly thing
   302 | D        | Noticed a manticore
   302 | D        | Noticed a centaur warrior
   302 | D        | Noticed a gargoyle
   310 | D        | Killed a centaur warrior
   311 | D        | Reached skill level 16 in Polearms
   320 | D        | Killed a purple ugly thing
   321 | D        | Reached skill level 17 in Polearms
   321 | D        | Reached XP level 9. HP: 55/92 MP: 8/8
   328 | D        | Killed a manticore
   335 | D        | Killed a centaur warrior
   336 | D        | Reached skill level 18 in Polearms
   339 | D        | HP: 4/94 [gargoyle/+0 morningstar (14)]
   340 | D        | Killed from afar by a gargoyle

Illustrated notes

Levels and vault maps discovered:
D:        linesprint [early_d, line_temple, items_1, d_10, items_2, lair_1,
          lair_end, items_3, orc_1, orc_end, items_4, d_15, swamp_1, shoals_1,
          snake_1, spider_1, d_20, vaults_1, items_5, swamp_end, shoals_end,
          snake_end, spider_end, vaults_end, d_27, items_6, zot_1, zot_end,
          crypt_end, forest_end, elf_end, slime_end, tomb_end, abyss_end,
          pan_hell_end]

Skill      XL: |  1  2  3  4  5  6  7  8  9 |
---------------+----------------------------+-----
Polearms       | 5 7 9 11 14 17 18 | 18.5
Fighting       | 5 6 7 8 11 12 13 | 13.8
Armour         | 5 6 7 8 11 12 13 | 13.8
Shields        | |  3.6

Action                     |  1- 3 |  4- 6 |  7- 9 || total
---------------------------+-------+-------+-------++-------
  Melee: Trident           |    20 |    15 |       ||    35
         Headbutt          |     6 |     6 |     9 ||    21
         Halberd           |       |    24 |    31 ||    55
    Use: Potion            |       |     1 |     2 ||     3
 Armour: Scale mail        |     7 |     3 |       ||    10
         Chain mail        |       |    10 |    20 ||    30
  Dodge: Dodged            |     9 |    12 |     8 ||    29
  Block: Buckler           |     5 |     2 |       ||     7
